 Dungeon Crawl Stone Soup version 0.31-a0-996-g3b49de5836 (webtiles) character file.

Game seed: 12446335030994642271

1203 Malachi the Covert (level 8, -3/67 HPs)
             Began as a Gnoll Wanderer on Nov 7, 2023.
             Was a Follower of Uskayaw.
             Slain by a gnoll
             ... wielding a +0 spear
             ... led by a gnoll bouda
              (7 damage)
             ... on level 5 of the Dungeon.
             The game lasted 00:11:27 (5181 turns).

Malachi the Covert (Gnoll Wanderer)                 Turns: 5181, Time: 00:11:27

Health: -3/67      AC: 10    Str: 10      XL:     8   Next: 45%
Magic:  15/15      EV: 11    Int: 10      God:    Uskayaw [*.....]
Gold:   252        SH:  0    Dex:  2 (23) Spells: 17/17 levels left

rFire   . . .        d - staff of cold
rCold   + + .        (no shield)
rNeg    . . .        p - +1 leather armour {rC+}
rPois   .            (no helmet)
rElec   .            n - +0 cloak
rCorr   .            (no gloves)
SInv    .            (no boots)
Will    .....        q - amulet of regeneration
Stlth   +++          c - +6 ring of dexterity
HPRegen 1.11/turn    v - +4 ring of protection
MPRegen 0.14/turn

%: no passive effects
@: no status effects
A: fangs 1, strong nose, distributed training
a: Renounce Religion, Stomp


You were on level 5 of the Dungeon.
You worshipped Uskayaw.
Uskayaw was noncommittal.
You visited 2 branches of the dungeon, and saw 7 of its levels.

You collected 280 gold pieces.
You spent 28 gold pieces at shops.

Inventory:

Hand Weapons
 a - a +2 dagger
 k - a +2 sling of freezing
 w - a +0 dagger of venom
Armour
 n - a +0 cloak (worn)
 p - a +1 leather armour of cold resistance (worn)
 s - a +2 scale mail of willpower
Magical Staves
 d - a staff of cold (weapon)
Jewellery
 c - a +6 ring of dexterity (left hand)
 h - a ring of flight
 l - a ring of fire
 o - a ring of ice
 q - an amulet of regeneration (around neck)
 t - a +6 ring of intelligence
 v - a +4 ring of protection (right hand)
Talismans
 f - a maw talisman
 x - a granite talisman
Scrolls
 b - 2 scrolls of fear
 e - 3 scrolls of blinking
 g - 2 scrolls of immolation
 i - a scroll of identify
 m - a scroll of noise
 r - 4 scrolls of teleportation
Potions
 j - 2 potions of curing


   Skills:
 + Level 7.0 Fighting
 + Level 5.2 Short Blades
 + Level 5.2 Long Blades
 + Level 5.2 Axes
 + Level 7.0 Maces & Flails
 + Level 5.2 Polearms
 + Level 5.2 Staves
 + Level 5.2 Ranged Weapons
 + Level 5.2 Throwing
 + Level 5.8 Armour
 + Level 5.2 Dodging
 + Level 8.0 Stealth
 + Level 5.2 Shields
 + Level 5.2 Unarmed Combat
 + Level 5.2 Spellcasting
 + Level 4.3 Conjurations
 + Level 4.3 Hexes
 + Level 4.3 Summonings
 + Level 4.3 Necromancy
 + Level 4.3 Translocations
 + Level 4.3 Transmutations
 + Level 4.3 Fire Magic
 + Level 4.3 Ice Magic
 + Level 4.3 Air Magic
 + Level 4.3 Earth Magic
 + Level 4.3 Poison Magic
 + Level 6.3 Invocations
 + Level 5.8 Evocations
 + Level 4.7 Shapeshifting


You had 17 spell levels left.
You didn't know any spells.
Your spell library contained the following spells:

 Spells                   Type           Power      Damage    Failure   Level
 Call Canine Familiar     Summ           11%        N/A       14%         3
 Sigil of Binding         Hex            11%        N/A       14%         3
 Dimensional Bullseye     Hex/Tloc       5%         N/A       43%         4
 Leda's Liquefaction      Hex/Erth       5%         N/A       43%         4


Dungeon Overview and Level Annotations

Branches:
Dungeon (6/15)             Temple (1/1) D:5

Altars:
Ashenzari
Cheibriados
Dithmenos
Elyvilon
Fedhas
Gozag
Kikubaaqudgha
Makhleb
Nemelex Xobeh
Okawaru
Qazlal
Sif Muna
Trog
Uskayaw
Vehumet
Wu Jian
Xom
Yredelemnul
Zin
The Shining One

Shops:
D:3 ?   D:6 [


Innate Abilities, Weirdness & Mutations

You have very sharp teeth.
Your uncanny sense of smell can sniff out nearby items.
Your experience applies equally to all skills.


Message History

The gnoll hits you with a +0 flail.
The gnoll hits you from afar with a +0 spear.
The gnoll bouda hits you with a +0 club.
You closely miss the gnoll bouda.
The gnoll bouda is moderately wounded.
The gnoll hits you with a +0 flail. The gnoll barely misses you.
The gnoll bouda hits you but does no damage.
You closely miss the gnoll bouda.
The gnoll bouda is moderately wounded.
Your attacks no longer feel as feeble.
The gnoll hits you with a +0 flail.
* * * LOW HITPOINT WARNING * * *
The gnoll hits you from afar with a +0 spear!
* * * LOW HITPOINT WARNING * * *
The gnoll bouda barely misses you.
You feel better. The gnoll barely misses you. x2
The gnoll bouda hits you with a +0 club.
* * * LOW HITPOINT WARNING * * *
The gnoll attacks as it pursues you! The gnoll closely misses you.
The gnoll attacks as it pursues you! The gnoll closely misses you.
The gnoll bouda hits you with a +0 club!
* * * LOW HITPOINT WARNING * * *
The gnoll hits you with a +0 flail.
* * * LOW HITPOINT WARNING * * *
You hit the gnoll bouda. Your punch misses the gnoll bouda.
The gnoll bouda is heavily wounded.
The gnoll bouda hits you but does no damage.
The gnoll bouda attacks as it pursues you!
The gnoll bouda hits you with a +0 club.
* * * LOW HITPOINT WARNING * * *
You hit the gnoll bouda but do no damage.
You freeze the gnoll bouda.
The gnoll bouda is heavily wounded.
You hit the gnoll bouda. You freeze the gnoll bouda.
Your punch misses the gnoll bouda.
The gnoll bouda is severely wounded.
The gnoll bouda mumbles some strange prayers to its god.
The gnoll bouda is healed somewhat.
The gnoll closely misses you.
The gnoll hits you from afar with a +0 spear!
You die...

##########.# ####.o.#...#
#........# ##..#..## #.######.#
##...## #.# #.# ##.##
###.######.###### ### #
........#.......### #
###.###...........# #
#.###.#...###.#.##### ######
###.##...#..#.gg@.....# #>....
..#..>........#g#.###.######.....
#.####...#..###.#.# #...).....###
#.# #####........# #.#####...###
#.# ##.......### #.### #...#..
#.# ##.....#### ##...# #...#.#
..# ##.......## ##..#.# #...#.#
..####.........####...#.###......
.....'.........+.................


You could see a gnoll bouda and 2 gnolls.

Vanquished Creatures
  The ghost of Omnilove the Vexing, an amateur SpHs (D:4)
  An orc warrior (D:5)
  2 ice beasts (D:5)
  A phantom (D:6)
  2 quasits (D:4)
  3 hounds
  A sleepcap (D:4)
  2 iguanas
  2 orc wizards (D:5)
  2 gnolls (D:5)
  3 adders
  2 ufetubi (D:5)
  A worm (D:4)
  4 dart slugs
  16 orcs
  8 endoplasms
  2 giant cockroaches (D:4)
  4 goblins
  5 hobgoblins
  4 quokkas
  7 ball pythons
  12 bats
  4 frilled lizards
  5 kobolds
  5 rats
99 creatures vanquished.

Vanquished Creatures (others)
  An orc wizard (D:5)
1 creature vanquished.

Grand Total: 100 creatures vanquished

Notes
Turn   | Place    | Note
-------+----------+-------------------------------------------
     0 | D:1      | Malachi the Gnoll Wanderer began the quest for the Orb.
     0 | D:1      | Malachi set off with the following items: a +2 dagger, a
                  | scroll of fear, a +0 mace, a wand of flame (6), a scroll of
                  | blinking, a +0 leather armour.
     0 | D:1      | Reached XP level 1. HP: 20/20 MP: 2/2
   302 | D:1      | Reached XP level 2. HP: 25/26 MP: 3/3
   780 | D:2      | Reached XP level 3. HP: 30/31 MP: 4/4
   998 | D:2      | Reached skill level 6 in Stealth
  1289 | D:3      | Reached skill level 1 in Short Blades
  1289 | D:3      | Reached skill level 1 in Long Blades
  1289 | D:3      | Reached skill level 1 in Axes
  1289 | D:3      | Reached skill level 1 in Polearms
  1289 | D:3      | Reached skill level 1 in Staves
  1289 | D:3      | Reached skill level 1 in Ranged Weapons
  1289 | D:3      | Reached skill level 1 in Throwing
  1289 | D:3      | Reached skill level 1 in Dodging
  1289 | D:3      | Reached skill level 1 in Shields
  1289 | D:3      | Reached skill level 1 in Unarmed Combat
  1289 | D:3      | Reached skill level 1 in Spellcasting
  1425 | D:3      | Found a sparkling altar of Nemelex Xobeh.
  1487 | D:3      | Reached XP level 4. HP: 38/38 MP: 6/6
  1501 | D:3      | Reached skill level 1 in Shapeshifting
  1920 | D:3      | Found Jaschoblyi's Magic Scroll Boutique.
  1927 | D:3      | Bought a scroll of identify for 28 gold pieces
  2308 | D:4      | Reached skill level 1 in Conjurations
  2308 | D:4      | Reached skill level 1 in Hexes
  2308 | D:4      | Reached skill level 1 in Summonings
  2308 | D:4      | Reached skill level 1 in Necromancy
  2308 | D:4      | Reached skill level 1 in Translocations
  2308 | D:4      | Reached skill level 1 in Transmutations
  2308 | D:4      | Reached skill level 1 in Fire Magic
  2308 | D:4      | Reached skill level 1 in Ice Magic
  2308 | D:4      | Reached skill level 1 in Air Magic
  2308 | D:4      | Reached skill level 1 in Earth Magic
  2308 | D:4      | Reached skill level 1 in Poison Magic
  2334 | D:4      | Found a transporter.
  2339 | D:4      | Noticed Omnilove's ghost (amateur SpHs)
  2372 | D:4      | Reached XP level 5. HP: 26/43 MP: 7/7
  2491 | D:4      | Found a transporter.
  3067 | D:4      | Killed Omnilove's ghost
  3068 | D:4      | Reached XP level 6. HP: 34/50 MP: 8/8
  3085 | D:4      | Reached skill level 5 in Fighting
  3085 | D:4      | Reached skill level 5 in Maces & Flails
  3135 | D:4      | Lost dexterity.
  3143 | D:4      | Reached skill level 5 in Short Blades
  3143 | D:4      | Reached skill level 5 in Long Blades
  3143 | D:4      | Reached skill level 5 in Axes
  3143 | D:4      | Reached skill level 5 in Polearms
  3143 | D:4      | Reached skill level 5 in Staves
  3143 | D:4      | Reached skill level 5 in Ranged Weapons
  3143 | D:4      | Reached skill level 5 in Throwing
  3143 | D:4      | Reached skill level 5 in Armour
  3143 | D:4      | Reached skill level 5 in Dodging
  3143 | D:4      | Reached skill level 7 in Stealth
  3143 | D:4      | Reached skill level 5 in Shields
  3143 | D:4      | Reached skill level 5 in Unarmed Combat
  3143 | D:4      | Reached skill level 5 in Spellcasting
  3143 | D:4      | Reached skill level 5 in Evocations
  3143 | D:4      | Reached XP level 7. HP: 44/59 MP: 9/14
  3260 | D:5      | Entered Level 5 of the Dungeon
  3460 | D:5      | Found a staircase to the Ecumenical Temple.
  3515 | Temple   | Entered the Ecumenical Temple
  3932 | D:6      | Found Boufol's Antique Armour Boutique.
  4148 | D:6      | Reached XP level 8. HP: 55/65 MP: 15/15
  4233 | D:6      | Reached skill level 8 in Stealth
  4698 | D:5      | Found a broken altar of Ashenzari.
  4744 | D:5      | Found a burning altar of Makhleb.
  4746 | D:5      | Found a shimmering blue altar of Sif Muna.
  4746 | D:5      | Found a hide-covered altar of Uskayaw.
  4746 | D:5      | Found a glowing golden altar of the Shining One.
  4747 | D:5      | Found an ancient bone altar of Kikubaaqudgha.
  4754 | D:5      | Became a worshipper of Uskayaw the Reveller
  4888 | D:5      | Reached * piety under Uskayaw
  4893 | D:5      | Reached ** piety under Uskayaw
  4942 | D:5      | Reached *** piety under Uskayaw
  5176 | D:5      | HP: 1/67 [gnoll/+0 flail[a gnoll bouda] (5)]
  5181 | D:5      | Slain by a gnoll

Illustrated notes

Levels and vault maps discovered:
D:1:      pf_arrival_petrified_forest, layout_basic, serial_forest,
          infiniplex_forest_clump_tiny, infiniplex_forest_clump_small,
          infiniplex_forest_lined_corner, infiniplex_forest_lined_room_2,
          infiniplex_forest_clump_small
D:2:      layout_loops_ring, minmay_split_cup_small
D:3:      layout_loops_corners, nemelex_spade_bored_becter, serial_shops,
          shop_fountains
D:4:      layout_basic, gammafunk_ghost_stat_death, grunt_decor_fettered,
          kennysheep_generic_room_4
D:5:      layout_loops_corners, grunt_temple_overflow_open,
          minmay_temple_entry_arrows, minmay_misc_feat_tiny,
          chequers_decorated_corner
D:6:      layout_basic, serial_shops, shop, nicolae_fountain_basement
Temple:   hellmonk_temple_forest_ring

Skill      XL: |  1  2  3  4  5  6  7  8 |
---------------+-------------------------+-----
Stealth        | 6 7 8 |  8.0
Short Blades   | 1 5 |  5.2
Long Blades    | 1 5 |  5.2
Axes           | 1 5 |  5.2
Polearms       | 1 5 |  5.2
Staves         | 1 5 |  5.2
Ranged Weapons | 1 5 |  5.2
Throwing       | 1 5 |  5.2
Dodging        | 1 5 |  5.2
Shields        | 1 5 |  5.2
Unarmed Combat | 1 5 |  5.2
Spellcasting   | 1 5 |  5.2
Shapeshifting  | 1 4 |  4.7
Conjurations   | 1 4 |  4.3
Hexes          | 1 4 |  4.3
Summonings     | 1 4 |  4.3
Necromancy     | 1 4 |  4.3
Translocations | 1 4 |  4.3
Transmutations | 1 4 |  4.3
Fire Magic     | 1 4 |  4.3
Ice Magic      | 1 4 |  4.3
Air Magic      | 1 4 |  4.3
Earth Magic    | 1 4 |  4.3
Poison Magic   | 1 4 |  4.3
Invocations    | 3 6 |  6.3
Armour         | 3 5 |  5.8
Evocations     | 3 5 |  5.8
Fighting       | 6 7 |  7.0
Maces & Flails | 6 7 |  7.0

Action                     |  1- 3 |  4- 6 |  7- 9 || total
---------------------------+-------+-------+-------++-------
  Melee: Dagger            |    30 |     7 |    58 ||    95
         Bite              |     2 |       |     2 ||     4
         Staff             |       |       |    40 ||    40
         Punch             |       |       |     2 ||     2
   Fire: Sling             |    62 |   143 |   250 ||   455
  Evoke: Wand              |       |     6 |       ||     6
    Use: Scroll            |       |     4 |     2 ||     6
         Potion            |       |     1 |    10 ||    11
   Stab: Sleeping          |     2 |       |       ||     2
         Paralysed         |       |       |     1 ||     1
 Armour: Leather armour    |    28 |   444 |   402 ||   874
  Dodge: Dodged            |    37 |   339 |   194 ||   570

Table legend: (Time is in decaauts)
 A = Elapsed time spent in this place.
 B = Non-inter-level travel time spent in this place.
 C = Inter-level travel time spent in this place.
 D = Time resting spent in this place.
 E = Time spent auto-exploring this place.
 F = Levels seen in this place.
 G = Mean time per level.
                   A        B        C        D        E       F      G
               +--------+--------+--------+--------+--------+-----+--------+
         Total |   5376 |   5190 |    186 |    860 |   2714 |   7 |  768.0 |
       Dungeon |   5243 |   5064 |    179 |    860 |   2714 |   6 |  873.8 |
        Temple |    132 |    125 |      7 |      0 |      0 |   1 |  132.0 |
               +--------+--------+--------+--------+--------+-----+--------+

Top non-repeatable levels by time:
     D:5: 1438 daAuts
     D:4: 1127 daAuts
     D:3: 1067 daAuts
     D:2: 687 daAuts
     D:1: 534 daAuts
     D:6: 387 daAuts
  Temple: 132 daAuts
